[Event "FIDE World School-ch G-17 2025"]
[Site "Vrnjacka Banja"]
[Date "2025.03.27"]
[Round "8.1"]
[White "Nauanova Zhaniya"]
[Black "Buyankhishig, Batpelden"]
[Result "0-1"]
[Annotator "NA RC"]
[ECO "C45"]
[WhiteElo "1905"]
[BlackElo "1907"]
[PlyCount "148"]
[EventDate "2025.03.19"]
[EventType "swiss"]
[EventCountry "SRB"]
[SourceTitle "playchess.com"]
[Source "ChessBase"]
[SourceQuality "1"]
[TimeControl "5400+30"]

1. e4 e5 2. Nf3 Nc6 3. d4 exd4 4. Nxd4 Nf6 5. Nxc6 bxc6 6. Bd3 d5 7. O-O dxe4 8. Qe1 Qe7 9. Qc3 Qc5 10. Re1 Be6 11. Bxe4 Nxe4 12. Rxe4 O-O-O 13. Re1 Bd6 14. Qxc5 Bxc5 15. Nc3 Bf5 16. Be3 Bxe3 17. Rxe3 Rd2 18. Re2 Rhd8 19. Kf1 Bxc2 20. Rxd2 Rxd2 21. Ke1 Rd6 22. Rc1 Bd3 23. f3 Rh6 24. h3 Bc4 25. b3 Bd5 26. Kf2 Rd6 27. Ke3 Kd7 28. Na4 Re6+ 29. Kf2 Re8 30. Nc5+ Kd6 31. Nb7+ Kd7 32. Nc5+ Kc8 33. Na4 g5 34. Nc3 h5 35. Ne2 Kb7 36. Ng3 h4 37. Ne2 Kb6 38. Nc3 Re5 39. Rd1 Kc5 40. Rd2 Kb4 41. Nd1 c5 42. Ne3 c6 43. Re2 f6 44. Rc2 Be6 45. Rc1 f5 46. Re1 Kb5 47. Rc1 f4 48. Nc4 Bxc4 49. Rxc4 Rd5 50. Ke1 Rd4 51. Rc2 c4 52. bxc4+ Rxc4 53. Re2 Rd4 54. Re8 Rd5 55. Rc8 c5 56. Ke2 a5 57. Rb8+ Kc4 58. Ke1 a4 59. Rb7 Kc3 60. Rb5 Kc4 61. Rb8 Kc3 62. Rb5 Kc4 63. Rb8 Rd7 64. Rb1 Kc3 65. Rc1+ Kb4 66. a3+ Kb5 67. Rb1+ Kc6 68. Ke2 Rb7 69. Rd1 Rb2+ 70. Kf1 Ra2 71. Rd3 Kb5 72. Rd5 Rxa3 73. Rxg5 Ra1+ 74. Ke2 a3 0-1

[Event "FIDE World School-ch G-17 2025"]
[Site "Vrnjacka Banja"]
[Date "2025.03.27"]
[Round "8.2"]
[White "Kirtadze, Anastasia"]
[Black "Seyhan, Pelin"]
[Result "1-0"]
[Annotator "TA"]
[ECO "B38"]
[WhiteElo "2180"]
[BlackElo "1924"]
[PlyCount "75"]
[EventDate "2025.03.19"]
[EventType "swiss"]
[EventCountry "SRB"]
[SourceTitle "playchess.com"]
[Source "ChessBase"]
[SourceQuality "1"]
[TimeControl "5400+30"]

1. e4 c5 2. Nf3 Nc6 3. d4 cxd4 4. Nxd4 g6 5. c4 Bg7 6. Be3 Nf6 7. Nc3 d6 8. Be2 O-O 9. O-O Bd7 10. Nc2 Rc8 11. Rc1 {[%emt 0:09:52] B38: Sicilian: Maroczy Bind with 5...Bg7 and 7...0-0.} Ne5 12. b3 (12. Bxa7 b6 (12... Nxc4 13. Bxc4 Rxc4 14. Qd3 $11) 13. Nd4 Qc7 $17 (13... Nxc4 14. b3 $15)) 12... Bc6 13. f4 {[%emt 0:11:49][%cal Bf2f4,Bf4f5][%mdl 32] White is better.} (13. Bxa7 b6 (13... Nxe4 14. Bd4 $11) 14. f4 Ned7 $15) 13... Ned7 14. Bf3 {[%emt 0:04:47][%cal Oc2d4] White is more active.} (14. Bxa7 b6 (14... Nxe4 15. Nxe4 Bxe4 16. Bd4 $15) 15. Nd4 Nxe4 $17 (15... Bxe4 16. Ndb5 $11)) 14... a6 $146 (14... b6 15. Nd4 Ba8 16. Nd5 Nc5 17. Nb5 Nfxe4 18. Nxa7 Bxd5 19. Nxc8 Bb7 20. Na7 Qa8 {1-0 Mikhalsky,V (2219)-Demina,M (1936) Titled Tuesday intern op 28th Nov Late blitz 2023 (2)}) 15. Nd4 Qa5 16. Rf2 e5 17. Nxc6 Rxc6 ({Black should try} 17... bxc6 $14 18. f5 (18. Qxd6 exf4 19. b4 Qd8 $16) 18... gxf5) 18. f5 $18 b5 {[%emt 0:02:38] [#]} (18... h6 {might work better.} 19. fxg6 fxg6) 19. g4 $1 b4 20. Nd5 Nxd5 21. exd5 (21. Qxd5 Qxd5 22. exd5 Rcc8) 21... Rcc8 22. Be4 Nc5 23. Bb1 Qd8 24. g5 Qd7 25. f6 Bh8 26. Bxc5 Rxc5 {[%emt 0:02:22] Black is weak on the light squares} 27. Qf3 {[%emt 0:00:12] Prevents Qh3} a5 $2 (27... e4 28. Bxe4 (28. Qxe4 Re8 $18) 28... Re8) 28. h4 a4 29. h5 axb3 30. axb3 Rc7 31. Rh2 Qc8 32. Kg2 e4 33. Bxe4 Qa6 34. Rch1 {[%emt 0:02:54] [#]} Qa3 35. Kg3 {[%emt 0:00:58] Threatens to win with hxg6.} Re8 36. hxg6 {[%emt 0:00:50] White mates.} Rxe4 37. Rxh7 Bxf6 38. gxf6 {[%emt 0:00:17] Weighted Error Value: White=0.25 (precise) /Black=0.79  Mistake:       	---       	Black=3      Inaccurate:     	White=2     	Black=5      OK:         	White=11    	Black=7      Best:        	White=1     	---} 1-0

[Event "FIDE World School-ch G-17 2025"]
[Site "Vrnjacka Banja"]
[Date "2025.03.27"]
[Round "8.3"]
[White "Altynbek, Aiaru"]
[Black "Newansa, M Esandi"]
[Result "0-1"]
[Annotator "NA RC"]
[ECO "D15"]
[WhiteElo "2005"]
[BlackElo "1801"]
[PlyCount "100"]
[EventDate "2025.03.19"]
[EventType "swiss"]
[EventCountry "SRB"]
[SourceTitle "playchess.com"]
[Source "ChessBase"]
[SourceQuality "1"]
[TimeControl "5400+30"]

1. d4 d5 2. c4 c6 3. Nf3 Nf6 4. Nc3 dxc4 5. e4 b5 6. Be2 e6 7. a4 b4 8. e5 bxc3 9. exf6 cxb2 10. fxg7 Bxg7 11. Bxb2 Qa5+ 12. Kf1 O-O 13. Qc1 Nd7 14. Bc3 Qd5 15. h4 Ba6 16. Rh3 Kh8 17. Rg3 f6 18. Ne1 Rg8 19. Nc2 Bf8 20. Rxg8+ Kxg8 21. Qe3 Re8 22. Kg1 Qf5 23. Nb4 Bxb4 24. Bxb4 Nb6 25. Qg3+ Kh8 26. Bg4 Qg6 27. Qf3 Nd5 28. Bd2 Qd3 29. Be3 Re7 30. Rd1 Qg6 31. h5 Qg8 32. h6 c3 33. Bc1 Bc4 34. Re1 c2 35. Qe4 Qg6 36. Qf3 Qd3 37. Be3 Qg6 38. Bc1 Qd3 39. Be3 Qg6 40. Bc1 Qd3 41. Be3 Qg6 42. Rc1 Nxe3 43. fxe3 Bd5 44. Qg3 e5 45. dxe5 f5 46. Qh4 Qxg4 47. Qf6+ Kg8 48. Rxc2 Qd1+ 49. Kh2 Qxc2 50. Qg5+ Kf8 0-1

[Event "FIDE World School-ch G-17 2025"]
[Site "Vrnjacka Banja"]
[Date "2025.03.27"]
[Round "8.4"]
[White "Maslova, Anastasiya Yar"]
[Black "Wang, Chloe Heather"]
[Result "1-0"]
[Annotator "NA RC"]
[ECO "A25"]
[WhiteElo "1938"]
[BlackElo "1892"]
[PlyCount "61"]
[EventDate "2025.03.19"]
[EventType "swiss"]
[EventCountry "SRB"]
[SourceTitle "playchess.com"]
[Source "ChessBase"]
[SourceQuality "1"]
[TimeControl "5400+30"]

1. c4 e5 2. g3 Nc6 3. Bg2 f5 4. Nc3 Nf6 5. d3 d6 6. Rb1 g6 7. e3 Bg7 8. Nge2 O-O 9. b4 Qe7 10. O-O Qf7 11. Nd5 Be6 12. Nec3 Nd8 13. Nxf6+ Qxf6 14. a4 e4 15. Nd5 Qf7 16. Nf4 Kh8 17. Bb2 Bxb2 18. Rxb2 Bd7 19. dxe4 Qxc4 20. Qa1 Qc3 21. Rc1 Qe5 22. Rxc7 Bc6 23. b5 Bxe4 24. Qc1 Rf7 25. Rd2 Bxg2 26. Kxg2 Qe4+ 27. Kg1 g5 28. Nh5 g4 29. Qb2+ Kg8 30. Rxf7 Kxf7 31. Qf6+ 1-0

[Event "FIDE World School-ch G-17 2025"]
[Site "Vrnjacka Banja"]
[Date "2025.03.27"]
[Round "8.5"]
[White "Jankovic, Tamara"]
[Black "Stoimenov, Jana"]
[Result "1/2-1/2"]
[Annotator "NA RC"]
[ECO "C54"]
[WhiteElo "1900"]
[BlackElo "1509"]
[PlyCount "75"]
[EventDate "2025.03.19"]
[EventType "swiss"]
[EventCountry "SRB"]
[SourceTitle "playchess.com"]
[Source "ChessBase"]
[SourceQuality "1"]
[TimeControl "5400+30"]

1. e4 e5 2. Nf3 Nc6 3. Bc4 Bc5 4. c3 Nf6 5. d3 d6 6. O-O h6 7. a4 a5 8. Nbd2 O-O 9. Re1 Ne7 10. Nf1 Ng6 11. h3 c6 12. Bb3 Be6 13. Bc2 Nh5 14. d4 Bb6 15. Nxe5 dxe5 16. Qxh5 Qf6 17. Be3 exd4 18. cxd4 Bxd4 19. Bxd4 Qxd4 20. Ne3 Qxb2 21. Rab1 Qc3 22. Rec1 Rab8 23. e5 Qd4 24. Re1 Nxe5 25. Nf5 Bxf5 26. Qxf5 Ng6 27. Qxa5 b6 28. Qa7 Qc5 29. Bb3 Ra8 30. Qc7 Rac8 31. Qb7 Rb8 32. Qc7 Rbc8 33. Qg3 Kh7 34. Rbc1 Qd4 35. Rc4 Qd7 36. Rd1 Qc7 37. Qc3 c5 38. Bc2 1/2-1/2

[Event "FIDE World School-ch G-17 2025"]
[Site "Vrnjacka Banja"]
[Date "2025.03.27"]
[Round "8.6"]
[White "Orazalina, Nursulu"]
[Black "Dange, Gehansa Ranumi"]
[Result "1-0"]
[Annotator "NA RC"]
[ECO "B11"]
[WhiteElo "1895"]
[BlackElo "1643"]
[PlyCount "89"]
[EventDate "2025.03.19"]
[EventType "swiss"]
[EventCountry "SRB"]
[SourceTitle "playchess.com"]
[Source "ChessBase"]
[SourceQuality "1"]
[TimeControl "5400+30"]

1. e4 c6 2. Nc3 d5 3. Nf3 dxe4 4. Nxe4 Nf6 5. Qe2 Nxe4 6. Qxe4 Qa5 7. c3 Bf5 8. Qe3 e6 9. d4 Nd7 10. Be2 Be7 11. O-O O-O 12. b3 Nf6 13. Bb2 Bd6 14. c4 Qc7 15. Ne5 Rfd8 16. f4 c5 17. Bf3 h6 18. h3 Nd7 19. g4 cxd4 20. Bxd4 Bh7 21. Kh1 Nxe5 22. fxe5 Be7 23. Bg2 Bg5 24. Qf2 Rd7 25. Bc3 Rd3 26. Bb4 Be3 27. Bd6 Bxf2 28. Bxc7 Rc8 29. Bd6 Bc5 30. Bxb7 Bxd6 31. exd6 Rb8 32. Bg2 Rxd6 33. c5 Rd4 34. c6 Rc8 35. Rad1 e5 36. Rxd4 exd4 37. Bd5 Rc7 38. Kh2 d3 39. Rxf7 Be4 40. Rxc7+ Bxd5 41. Rd7 Bxc6 42. Rxd3 a6 43. a4 Kh7 44. Rd6 Bb7 45. Kg3 1-0